 Dungeon Crawl Stone Soup version 0.29.1-15-g9cfb28693d (webtiles) character file.

Game seed: 14396929838786005317

5313 ixcent07 the Cleaver (level 10, -11/96 HPs)
             Began as a Hill Orc Berserker on Mar 11, 2023.
             Was a Priest of Trog.
             Mangled by a 13-headed hydra (13 damage)
             ... on level 9 of the Dungeon.
             The game lasted 00:32:12 (10918 turns).

ixcent07 the Cleaver (Hill Orc Berserker)          Turns: 10918, Time: 00:32:12

Health: -11/96     AC: 17    Str: 25    XL:     10   Next: 64%
Magic:  10/10      EV: 13    Int: 11    God:    Trog [***...]
Gold:   491        SH:  0    Dex: 10    Spells: 9/9 levels left

rFire   . . .      SeeInvis +   a - +0 hand axe
rCold   + + +      Faith    .   (no shield)
rNeg    . . .      Spirit   .   O - +0 plate armour
rPois   .          Reflect  .   u - +0 helmet "Gaepp" {rC+ Int+4}
rElec   .          Harm     .   J - +0 cloak
rCorr   +          Rampage  .   (no gloves)
Will    .....      NoCast   +   L - +0 pair of boots
Stlth   ..........              H - amulet "Kyunufid" {Acrobat -Cast Fly rC++ SInv}
HPRegen 0.26/turn               h - +4 ring of evasion
MPRegen 0.12/turn               p - ring of resist corrosion

@: about to teleport, on berserk cooldown, flying, slowed, very slow
A: no striking features
a: Renounce Religion, Berserk, Trog's Hand


You were on level 9 of the Dungeon.
You worshipped Trog.
Trog was most pleased with you.
You visited 1 branch of the dungeon, and saw 9 of its levels.
You also visited: Bailey.

You collected 722 gold pieces.
You spent 231 gold pieces at shops.

Inventory:

Hand Weapons
 a - a +0 hand axe (weapon)
 d - a +3 quarterstaff of chaos
 r - a +1 vorpal flail
 D - a +2 whip of freezing
Missiles
 o - 2 throwing nets
Armour
 u - the +0 helmet "Gaepp" (worn) {rC+ Int+4}
   (You took it off Robin on level 4 of the Dungeon)

   Int:       It affects your intelligence (+4).
   rC:        It protects you from cold.
 J - a +0 cloak (worn)
 K - a +1 helmet
 L - a +0 pair of boots (worn)
 O - a +0 plate armour (worn)
Jewellery
 h - a +4 ring of evasion (left hand)
 p - a ring of resist corrosion (right hand)
 G - an amulet of guardian spirit
 H - the amulet "Kyunufid" (around neck) {Acrobat -Cast Fly rC++ SInv}
   (You found it on level 7 of the Dungeon)

   [amulet of the acrobat]

   It increases your evasion while moving and waiting.
   rC:        It greatly protects you from cold.
   SInv:      It lets you see invisible.
   Fly:       It grants you flight.
   -Cast:     It prevents spellcasting.
Wands
 b - a wand of mindburst (5)
 w - a wand of digging (4)
 y - a wand of polymorph (7)
 B - a wand of paralysis (13)
 C - a wand of acid (5)
Scrolls
 c - 2 scrolls of blinking
 e - 3 scrolls of teleportation
 i - a scroll of magic mapping {unknown}
 j - a scroll of silence {unknown}
 k - a scroll of immolation {unknown}
 l - 5 scrolls of fear
 t - a scroll of amnesia {unknown}
 F - 3 scrolls of enchant weapon
 M - 2 scrolls of identify
 N - 2 scrolls of enchant armour {unknown}
Potions
 f - a potion of lignification {unknown}
 g - 3 potions of brilliance
 m - a potion of ambrosia {unknown}
 n - 3 potions of heal wounds
 q - a potion of invisibility {unknown}
 x - 2 potions of cancellation {unknown}
 z - 3 potions of flight
 A - 2 potions of attraction {unknown}
 I - 2 potions of haste


   Skills:
 * Level 11.3 Fighting
 + Level 11.6 Axes
 + Level 7.1 Armour
 * Level 6.1 Dodging


You had 9 spell levels left.
You didn't know any spells.
Your spell library was empty.

Dungeon Overview and Level Annotations

Branches:
Dungeon (9/15)             Temple (0/1) D:5             Orc (0/2) D:9
 Bailey (visited)
   Lair: D:8-11

Altars:
Ashenzari
Ru
The Shining One

Shops:
D:6 (   D:8 ?   D:9 (


Message History

The kobold brigand throws a curare-tipped dart.
The curare-tipped dart completely misses you.
The kobold brigand throws a curare-tipped dart.
The curare-tipped dart barely misses you.
The 13-headed hydra completely misses you.
The 13-headed hydra closely misses you. The 13-headed hydra misses you.
The 13-headed hydra closely misses you.
The 13-headed hydra completely misses you.
The 13-headed hydra bites you!
* * * LOW HITPOINT WARNING * * *
The 13-headed hydra misses you. The 13-headed hydra closely misses you.
The 13-headed hydra misses you.
The 13-headed hydra completely misses you.
The 13-headed hydra bites you.
* * * LOW HITPOINT WARNING * * *
The 13-headed hydra completely misses you.
The 13-headed hydra bites you but does no damage. x2
The 13-headed hydra misses you.
The 13-headed hydra completely misses you.
The 13-headed hydra barely misses you.
The 13-headed hydra completely misses you.
The 13-headed hydra bites you but does no damage.
The 13-headed hydra completely misses you.
The 13-headed hydra misses you. The 13-headed hydra closely misses you.
The 13-headed hydra completely misses you.
The 13-headed hydra bites you but does no damage.
The 13-headed hydra completely misses you. x2
The kobold brigand throws a curare-tipped dart.
The curare-tipped dart closely misses you.
As you read the scroll of teleportation, it crumbles to dust.
You feel strangely unstable.
The 13-headed hydra barely misses you. x2
The 13-headed hydra bites you!
* * * LOW HITPOINT WARNING * * *
The 13-headed hydra bites you but does no damage.
The 13-headed hydra barely misses you.
The 13-headed hydra bites you but does no damage.
The 13-headed hydra bites you!
* * * LOW HITPOINT WARNING * * *
The 13-headed hydra bites you!
You die...

...####.#####..!.....###
...##..........[[.)......
......#†####........#....
....###†# #........#[...
##### #.# #........# ...
#.##########..# ..#
##.#..#.K...#..# ...#
#..#..'.♣.♣D#).#....#
#..#..'K.♣.@#)......#
#..#..'.♣.♣.........#
#..#..#.....#..#....#
#..#'##P~P.~#########
#..#..#~~~~P#
####.)+.P~PP# ##########


You could see a 13-headed hydra and a kobold brigand.

Vanquished Creatures
  The ghost of laros the Severer, a novice MiBe of Trog (D:8)
  Pikel (D:6)
  Grinder (D:5)
  2 dream sheep (D:9)
  Sigmund (D:2)
  4 yaks
  Menkaure (D:5)
  3 ice beasts
  4 orc warriors
  2 sky beasts (D:7)
  A black bear (D:6)
  An ogre (D:6)
  2 centaurs
  2 phantoms
  3 lemures (D:6)
  2 kobold brigands (D:9)
  Blork the orc (D:4)
  2 bullfrogs (D:7)
  4 howler monkeys
  6 orc priests
  4 jellies
  Crazy Yiuf (D:7)
  2 hounds (D:7)
  2 iguanas
  Ijyb (D:5)
  13 orc wizards
  Robin (D:4)
  9 adders
  4 gnolls (D:2)
  A shadow imp (D:5)
  A white imp (D:6)
  An ufetubus (D:5)
  A worm (D:3)
  3 dart slugs
  46 orcs
  2 endoplasms (D:2)
  4 giant cockroaches
  23 goblins
  6 hobgoblins
  2 jackals (D:1)
  4 kobolds
  A quokka (D:2)
  5 ball pythons
  4 bats
  4 rats
189 creatures vanquished.

Notes
Turn   | Place    | Note
-------+----------+-------------------------------------------
     0 | D:1      | ixcent07 the Hill Orc Berserker began the quest for the
                  | Orb.
     0 | D:1      | Reached XP level 1. HP: 19/19 MP: 1/1
   334 | D:1      | Reached XP level 2. HP: 24/27 MP: 2/2
   830 | D:1      | Found a faded altar of an unknown god.
  1134 | D:2      | Noticed Sigmund
  1140 | D:2      | Reached XP level 3. HP: 33/33 MP: 3/3
  1144 | D:2      | Killed Sigmund
  1145 | D:2      | Reached skill level 5 in Fighting
  1145 | D:2      | Reached skill level 5 in Axes
  1145 | D:2      | Reached XP level 4. HP: 42/42 MP: 4/4
  1145 | D:2      | Reached XP level 5. HP: 48/48 MP: 5/5
  1370 | D:2      | Reached XP level 6. HP: 56/56 MP: 6/6
  2050 | D:3      | Reached ** piety under Trog
  2578 | D:3      | Found a glowing drain.
  2804 | D:3      | Found a sacrificial altar of Ru.
  2988 | D:4      | Identified the +0 helmet "Gaepp" {rC+ Int+4}
  2988 | D:4      | Noticed Robin
  2999 | D:4      | Killed Robin
  3000 | D:4      | Reached XP level 7. HP: 63/63 MP: 7/7
  3242 | D:4      | Noticed Blork the orc
  3249 | D:4      | Killed Blork the orc
  3906 | D:5      | Entered Level 5 of the Dungeon
  3914 | D:5      | Noticed Menkaure
  3914 | D:5      | Noticed Grinder
  3923 | D:5      | Killed Menkaure
  3937 | D:5      | Killed Grinder
  3938 | D:5      | Reached XP level 8. HP: 69/73 MP: 8/8
  4640 | D:5      | Found a glowing golden altar of the Shining One.
  4645 | D:5      | Noticed Ijyb
  4666 | D:5      | Killed Ijyb
  5277 | D:5      | Reached skill level 5 in Armour
  5344 | D:5      | Found a staircase to the Ecumenical Temple.
  5555 | D:6      | Noticed Pikel
  6057 | D:6      | Found a broken altar of Ashenzari.
  6144 | D:6      | Found Icwell Jama's Antique Weapon Emporium.
  6321 | D:6      | Reached XP level 9. HP: 82/82 MP: 9/9
  6701 | D:6      | Killed Pikel
  6702 | D:6      | Reached skill level 10 in Axes
  7295 | D:7      | Found a runed translucent door.
  7296 | D:7      | Noticed Crazy Yiuf
  7471 | D:7      | Identified the amulet "Kyunufid" {Acrobat -Cast Fly rC++
                  | SInv}
  8235 | D:7      | Killed Crazy Yiuf
  8363 | D:8      | Reached skill level 10 in Fighting
  8539 | D:8      | Found a runed translucent gate.
  8543 | D:8      | Found a runed translucent gate.
  8545 | D:8      | Found a runed translucent gate.
  8546 | D:8      | Noticed laros's ghost (novice MiBe)
  8559 | D:8      | Reached skill level 5 in Dodging
  8646 | D:8      | Found Xidi Ydghiat's Magic Scroll Emporium.
  8649 | D:8      | Bought a scroll of identify for 28 gold pieces
  8649 | D:8      | Bought a scroll of identify for 28 gold pieces
  8649 | D:8      | Bought a scroll of enchant weapon for 105 gold pieces
  8649 | D:8      | Bought a scroll of teleportation for 42 gold pieces
  8649 | D:8      | Bought a scroll of identify for 28 gold pieces
  8743 | D:8      | Found a flagged portal.
  8753 | D:8      | Reached *** piety under Trog
  8756 | Bailey   | Entered a bailey
  8795 | Bailey   | Reached XP level 10. HP: 93/93 MP: 10/10
  8830 | Bailey   | Noticed an orc knight
  9209 | D:8      | Killed laros's ghost
  9954 | D:9      | Found Wob Axol's Weapon Emporium.
  9954 | D:9      | Found a staircase to the Orcish Mines.
 10896 | D:9      | Noticed a three-headed hydra
 10918 | D:9      | HP: 2/96 [13-headed hydra (8)]
 10918 | D:9      | Mangled by a 13-headed hydra

Illustrated notes

Levels and vault maps discovered:
D:1:      dpeg_arrival_pond, layout_loops_corners,
          shapermc_ecumenical_altar_ellora
D:2:      kennysheep_the_goblin_king, layout_basic, uniq_sigmund
D:3:      layout_loops_corners, mainiacjoe_overflow_paths, portal_sewer_entry_a
D:4:      layout_basic, uniq_robin, uniq_blork_the_orc
D:5:      layout_loops_ring, nicolae_overflow_crystal_walls, temple_statues,
          dreamdust_wishing_well, uniq_menkaure, uniq_grinder, uniq_ijyb
D:6:      layout_loops_ring, nicolae_ashenzari_skybound, serial_shops, shop,
          uniq_pikel
D:7:      layout_loops_ring, minivault_11, uniq_crazy_yiuf_cottage
D:8:      layout_rooms, ebering_ghost_rock_garden, enter_bailey_3, serial_shops,
          kennysheep_mini, minmay_misc_feat_tiny, dreamdust_princess_bridge
D:9:      layout_rooms, orc_david_3, chequers_jeans, hangedman_ranch

Skill      XL: |  1  2  3  4  5  6  7  8  9 10 |
---------------+-------------------------------+-----
Fighting       | 4 5 6 7 8 10 11 | 11.3
Axes           | 5 6 8 9 11 | 11.6
Armour         | 3 4 5 6 7 |  7.1
Dodging        | 2 3 4 5 6 |  6.1

Action                   |  1- 3 |  4- 6 |  7- 9 | 10-12 || total
-------------------------+-------+-------+-------+-------++-------
Melee: Hand axe          |    49 |   143 |   479 |   195 ||   866
       Punch             |       |     1 |     5 |     1 ||     7
Invok: Berserk           |     1 |     4 |    13 |     5 ||    23
       Trog's Hand       |       |       |     1 |       ||     1
  Use: Scroll            |       |       |     8 |     6 ||    14
Armor: Ring mail         |    16 |    34 |    80 |       ||   130
       Chain mail        |       |       |    61 |    38 ||    99
       Plate armour      |       |       |       |    53 ||    53
Dodge: Dodged            |    39 |    96 |   272 |   155 ||   562
